 Dungeon Sprint DCSS version 0.20-a0-268-gb6bde61 (webtiles) character file.

156 esc the Jinx (level 5, -21/27 HPs)
             Began as a Felid Enchanter on Dec 7, 2016.
             Was an Elder of Dithmenos.
             Hit by a large rock thrown by a stone giant (48 damage)
             ... in the Dungeon (Sprint V: "Ziggurat Sprint").
             The game lasted 00:05:18 (505 turns).

esc the Jinx (Felid Enchanter)                       Turns: 505, Time: 00:05:19

Health: -21/27     AC:  2    Str:  4    XL:     5   Next: 15%
Magic:  14/14      EV: 24    Int: 31    God:    Dithmenos [****..]
Gold:   0          SH:  0    Dex: 16    Spells: 2/16 levels left
                                        Lives:  0   Deaths: 2

rFire  . . .     SeeInvis +       - Unarmed
rCold  . . .     Gourm    .     (armour unavailable)
rNeg   + . .     Faith    .     (shield unavailable)
rPois  +         Spirit   .     (helmet unavailable)
rElec  .         Reflect  .     (cloak unavailable)
rCorr  .         Harm     .     (gloves unavailable)
MR     .....     NoTele   +     (boots unavailable)
Stlth  +++++++...               K - amulet "Jawil" {RegenMP rPois rN+}
                                y - +6 ring of intelligence
                                z - +6 ring of intelligence

@: wreathed by umbra, quick
A: no armour, no weapons or thrown items, stealth, claws 1, fangs 3, see
invisible, carnivore 3, speed 1, shaggy fur 2, slow metabolism 1, sharp paws
a: Shadow Step, Renounce Religion


You were in the Dungeon.
You worshipped Dithmenos.
Dithmenos was greatly pleased with you.
You were not hungry.

You visited 1 branch

Inventory:

Jewellery
 w - a +6 ring of dexterity
   (You found it in the Dungeon)
 x - a +6 ring of dexterity
   (You found it in the Dungeon)
 y - a +6 ring of intelligence (right paw)
   (You found it in the Dungeon)
 z - a +6 ring of intelligence (left paw)
   (You found it in the Dungeon)
 A - a +6 ring of strength
   (You found it in the Dungeon)
 B - a +6 ring of strength
   (You found it in the Dungeon)
 I - a +2 ring of slaying
   (You found it in the Dungeon)
 K - the amulet "Jawil" (around neck) {RegenMP rPois rN+}
   (You found it in the Dungeon)

   [amulet of magic regeneration]

   It increases your magic regeneration.
   It protects you from poison.
   It protects you from negative energy.
Wands
 D - a wand of disintegration (4/24)
   (You found it in the Dungeon)
 E - a wand of iceblast (5/15)
   (You found it in the Dungeon)
 F - a wand of lightning (5/15)
   (You found it in the Dungeon)
 G - a wand of acid (4/15)
   (You found it in the Dungeon)
Scrolls
 h - 3 scrolls of blinking {!r}
 o - 4 scrolls of amnesia
 p - 3 scrolls of recharging
 q - 7 scrolls of fog
 r - a scroll of holy word {!r}
 s - 5 scrolls of identify
 t - 5 scrolls of remove curse
 u - 2 scrolls of fear
Potions
 c - 10 potions of curing
 d - 8 potions of heal wounds
 e - 6 potions of haste
 f - 6 potions of magic
 g - 3 potions of berserk rage {!q}
 i - 2 potions of brilliance
 j - 2 potions of invisibility
 k - 4 potions of resistance
 m - 5 potions of agility
 n - 5 potions of might
Books
 a - a book of Maledictions
 l - the Handbook of the Twisted Escort
   (You found it in the Dungeon)

   Spells                             Type                      Level
   a - Summon Butterflies             Summoning                    1
   b - Lesser Beckoning               Translocation                3
   c - Summon Forest                  Summoning/Translocation      5
   d - Summon Hydra                   Summoning                    7
 H - a book of Unlife
   (You found it in the Dungeon)
Miscellaneous
 v - a disc of storms
   (You found it in the Dungeon)
 C - a crystal ball of energy
   (You found it in the Dungeon)
Comestibles
 b - 5 meat rations {@e2}
 J - 4 chunks of flesh {@w0}


   Skills:
 + Level 6.1 Fighting
 + Level 8.7 Dodging
 + Level 9.9 Stealth
 + Level 6.3 Unarmed Combat
 + Level 6.1 Spellcasting
 + Level 2.1 Conjurations
 + Level 10.3 Hexes
 + Level 0.0 Summonings


You had 2 spell levels left.
You knew the following spells:

 Your Spells              Type           Power        Failure   Level  Hunger
a - Ensorcelled Hibernat  Hex/Ice        #####.       1%          2    None
b - Dazzling Spray        Conj/Hex       #####.       1%          3    None
c - Confuse               Hex            ######..     1%          3    None
d - Summon Mana Viper     Hex/Summ       #####...     17%         5    #####..
v - Corona                Hex            ######.      1%          1    None


Dungeon Overview and Level Annotations

Branches:
Dungeon (1/1)

Altars:
Ashenzari
Cheibriados
Dithmenos
Elyvilon
Fedhas
Gozag
Hepliaklqana
Kikubaaqudgha
Makhleb
Nemelex Xobeh
Okawaru
Qazlal
Ru
Sif Muna
Trog
Uskayaw
Vehumet
Xom
Yredelemnul
Zin
The Shining One
Beogh
Jiyva
Lugonu


Innate Abilities, Weirdness & Mutations

You cannot wear armour.
You are incapable of wielding weapons or throwing items.
Your paws allow you to move quietly. (Stealth)
You have sharp claws.
You have razor-sharp teeth.
You have supernaturally acute eyesight. (SInv)
You are carnivorous and can eat meat at any time.
You cover ground quickly.
You are covered in thick fur. (AC +2)
You have a slow metabolism.
Your sharp claws are effective at attacking unaware monsters.


Message History

You see here the cursed +1 mace "Duxoe" {vamp, rF+ rC++ Int+2 Dex+2 Stlth-}.
You take 8 damage, and have 13/34 hp.
MASSIVE DAMAGE!!
Your surroundings seem different!
Welcome to arena 8.
A gargoyle, 2 toenail golems and 4 earth elementals come into view.
You feel much better.
Health restored: 34
Aim: a gargoyle, wielding a morningstar (umbra)
Okay, then.
Aim: a gargoyle, wielding a morningstar (umbra)
Okay, then.
You can't see any susceptible monsters within range! (Use Z to cast anyway.)
Aim: a gargoyle, wielding a morningstar (umbra)
Okay, then.
The gargoyle hits you with a morningstar!!
Ouch! That really hurt!
You emit a cloud of dark smoke.
You take 23 damage, and have 11/34 hp.
MASSIVE DAMAGE!!
Unknown command.
Really read
h - 4 scrolls of blinking {!r}?
Blink to where?
You are very lightly contaminated with residual magic.
As you read the scroll of blinking {!r}, it crumbles to dust.
The toenail golem closely misses you.
The earth elemental completely misses you.
The toenail golem misses you. The earth elemental misses you.
Your surroundings seem different!
Welcome to arena 9. 2 water moccasins, a porcupine, 2 hounds, a crocodile, a hydra and a spiny frog come into view.
The wolf moves out of view.
You feel much better.
Health restored: 34 The wolf howls!
The eight-headed hydra roars!
The water moccasin hisses angrily.
The jackal barks!
The water moccasin misses you.
The eight-headed hydra barely misses you.
The eight-headed hydra completely misses you.
The eight-headed hydra bites you! The eight-headed hydra bites you.
The eight-headed hydra barely misses you.
The eight-headed hydra bites you!
You die...
The eight-headed hydra misses you. x2; The jackal completely misses you.
The water moccasin misses you.
The spiny frog gives a loud, deep croak!
You are now level 6!
You rejoin the land of the living...
You take 3 damage, and have 31/31 hp.
You now have 16/16 mp.
An orc warrior, an orc sorcerer, 2 ogres and a two-headed ogre come into view.
The ogre shouts!
An orc wizard and a stone giant come into view. 2 orc warriors, an orc wizard, an orc knight and an orc sorcerer come into view.
An orc warrior is wielding a +2 rod of clouds (10/10).
The orc sorcerer is wielding a +5 rod of inaccuracy (12/12).
The orc wizard is wielding a dagger of holy wrath.
The two-headed ogre shouts in stereo!
The stone giant shouts!
The orc knight shouts!
The orc sorcerer shouts! x2; The ogre shouts!
The orc wizard shouts! x2; The orc warrior shouts!
The orc warrior hits you with a war axe!!
Ouch! That really hurt!
* * * LOW HITPOINT WARNING * * *
You emit a cloud of dark smoke.
The ogre completely misses you.
You take 22 damage, and have 9/31 hp.
MASSIVE DAMAGE!!
The orc wizard misses you. The orc wizard barely misses you.
The orc wizard gestures wildly while chanting.
The orc wizard seems to speed up.
Unknown command.
The orc wizard closely misses you.
The orc warrior hits you but does no damage.
You see here the amulet "Koockul" {Inacc +Inv +Fly Dex-3}.
The orc wizard casts a cantrip, but nothing happens.
The orc sorcerer mumbles some strange words.
The orc wizard miscasts a cantrip.
The orc warrior barely misses you.
The orc sorcerer howls an incantation.
The orc sorcerer shimmers violently.
The orc wizard closely misses you.
The orc wizard points at you and mumbles some strange words.
The puff of flame hits you!
* * * LOW HITPOINT WARNING * * *
The ogre completely misses you. The orc warrior completely misses you.
The orc knight roars a battlecry!
The orcs go into a battle-frenzy!
You take 4 damage, and have 5/31 hp.
The orc wizard completely misses you.
The orc sorcerer gestures wildly while chanting.
The orc warrior barely misses you.
The ogre hits you with a giant spiked club!
You die...
You are now level 5!
You rejoin the land of the living...
Health restored: 27 You now have 14/14 mp. 2 orc warriors, 2 orc wizards, an orc knight and an ogre come into view. 4 orc warriors, an orc wizard, a troll and a stone giant come into view.
The orc warrior shouts!
The stone giant shouts!
The orc wizard shouts!
The stone giant throws a large rock.
The large rock hits you!!!
Ouch! That really hurt!
You die...

▓...))...
▓▓▓▓▓▓▓▓▓▓▓▓▓...))...
▓....8©8.o..▓........
▓..TooooOo..▓........
▓..Cooo?:o..▓........
▓...........▓▓▓▓▓▓▓▓▓
▓...........▓...8©8..
▓...........▓..E"EE§.
▓...@.......▓.§§88§§.
▓..▓.....▓..▓..§§E§..
▓.▓.▓...▓.▓ ▓.§§§§§..
▓..▓.....▓..▓..§§9...
▓...........▓.§§§....
▓▓▓▓▓▓▓▓▓▓▓▓▓.▓.....▓
▓....8©8†...▓........
▓...4ooooOo.▓▓▓▓▓▓▓▓▓
▓...:oOCo§§§▓...8©8..


You could see a stone giant, an orc knight (wandering), a troll (wandering), 6
orc warriors, an ogre (wandering) and 3 orc wizards.

Vanquished Creatures
  A polar bear (D)
  A wyvern (shapeshifter) (D)
  An ice beast (D)
  2 orc priests (D)
  2 orc wizards (D)
  2 adders (D)
  2 orcs (D)
  3 ball pythons (D)
  A leopard gecko simulacrum (D)
15 creatures vanquished.

Vanquished Creatures (others)
  A spatial maelstrom (D)
1 creature vanquished.

Grand Total: 16 creatures vanquished

Notes
Turn   | Place    | Note
-------+----------+-------------------------------------------
     0 | D        | esc the Felid Enchanter began the quest for the Orb.
     0 | D        | Reached XP level 1. HP: 7/7 MP: 4/4
     0 | D        | Found a deep blue altar of Sif Muna.
     0 | D        | Found a sacrificial altar of Ru.
     0 | D        | Found a bloodstained altar of Trog.
     0 | D        | Found a stormy altar of Qazlal.
     0 | D        | Found an iron altar of Okawaru.
     0 | D        | Found a sparkling altar of Nemelex Xobeh.
     0 | D        | Found a blossoming altar of Fedhas.
     2 | D        | Found an ancient bone altar of Kikubaaqudgha.
     2 | D        | Found a viscous altar of Jiyva.
     2 | D        | Found a corrupted altar of Lugonu.
     2 | D        | Found a hazy altar of Hepliaklqana.
     2 | D        | Found a burning altar of Makhleb.
     2 | D        | Found an opulent altar of Gozag.
    20 | D        | Reached skill level 2 in Fighting
    20 | D        | Reached skill level 4 in Dodging
    20 | D        | Reached skill level 5 in Stealth
    20 | D        | Reached skill level 3 in Unarmed Combat
    20 | D        | Reached skill level 3 in Spellcasting
    20 | D        | Reached skill level 6 in Hexes
    20 | D        | Reached XP level 2. HP: 13/13 MP: 5/7
    24 | D        | Learned a level 2 spell: Ensorcelled Hibernation
    30 | D        | Banished a spatial maelstrom
    34 | D        | Became a worshipper of Dithmenos the Shadowed
    41 | D        | Entered arena 1.
    44 | D        | Reached skill level 3 in Fighting
    44 | D        | Reached skill level 5 in Dodging
    44 | D        | Reached skill level 6 in Stealth
    44 | D        | Reached XP level 3. HP: 17/17 MP: 9/9
    52 | D        | Entered arena 2.
    52 | D        | Noticed a polar bear
    52 | D        | Noticed an ice beast
    55 | D        | Reached * piety under Dithmenos
    60 | D        | Killed an ice beast
    60 | D        | Reached skill level 4 in Fighting
    60 | D        | Reached skill level 6 in Dodging
    60 | D        | Reached skill level 7 in Stealth
    60 | D        | Reached skill level 4 in Unarmed Combat
    60 | D        | Reached skill level 4 in Spellcasting
    60 | D        | Reached skill level 7 in Hexes
    60 | D        | Reached XP level 4. HP: 22/22 MP: 9/11
    63 | D        | Killed a polar bear
    63 | D        | Reached skill level 5 in Fighting
    63 | D        | Reached skill level 8 in Dodging
    63 | D        | Reached skill level 9 in Stealth
    63 | D        | Reached skill level 5 in Unarmed Combat
    63 | D        | Reached skill level 5 in Spellcasting
    63 | D        | Reached skill level 9 in Hexes
    63 | D        | Reached XP level 5. HP: 14/26 MP: 10/14
    63 | D        | Gained mutation: You are covered in thick fur. (AC +2) [Felid growth]
    63 | D        | Reached XP level 6. HP: 16/30 MP: 10/15
   202 | D        | Learned a level 3 spell: Confuse
   206 | D        | Learned a level 3 spell: Dazzling Spray
   207 | D        | Identified the Handbook of the Twisted Escort (You found it in the Dungeon)
   207 | D        | Identified the Handbook of the Twisted Escort (You found it in the Dungeon)
   211 | D        | Entered arena 3.
   211 | D        | Noticed a basilisk
   211 | D        | Noticed a cyan ugly thing
   211 | D        | Noticed a wyvern
   215 | D        | Killed a wyvern
   215 | D        | Reached ** piety under Dithmenos
   215 | D        | Reached skill level 6 in Unarmed Combat
   215 | D        | Reached skill level 1 in Conjurations
   220 | D        | Noticed a two-headed ogre
   220 | D        | a basilisk changed into a two-headed ogre
   223 | D        | Entered arena 4.
   229 | D        | Reached skill level 6 in Fighting
   230 | D        | Reached skill level 6 in Spellcasting
   230 | D        | Reached skill level 10 in Hexes
   230 | D        | Reached XP level 7. HP: 13/34 MP: 7/17
   232 | D        | Reached *** piety under Dithmenos
   232 | D        | Reached skill level 2 in Conjurations
   420 | D        | Entered arena 5.
   429 | D        | Reached **** piety under Dithmenos
   435 | D        | Got the amulet "Jawil" {RegenMP rPois rN+}
   450 | D        | Learned a level 5 spell: Summon Mana Viper
   459 | D        | Entered arena 6.
   459 | D        | Noticed a freezing wraith
   459 | D        | Noticed a rime drake
   459 | D        | Noticed an ice devil
   459 | D        | Noticed a polar bear
   459 | D        | Noticed a rime drake
   467 | D        | Entered arena 7.
   467 | D        | Noticed a chaos spawn
   467 | D        | Noticed a chaos spawn
   467 | D        | Noticed a large abomination
   475 | D        | Entered arena 8.
   475 | D        | Noticed a toenail golem
   475 | D        | Noticed a gargoyle
   475 | D        | Noticed a toenail golem
   482 | D        | Entered arena 9.
   482 | D        | Noticed a spiny frog
   482 | D        | Noticed an eight-headed hydra
   488 | D        | Slain by an eight-headed hydra
   489 | D        | Reached XP level 6. HP: -1/31 MP: 16/16
   489 | D        | Noticed an orc sorcerer
   489 | D        | Noticed a two-headed ogre
   489 | D        | Noticed an orc warrior
   490 | D        | Noticed a stone giant
   490 | D        | Noticed an orc knight
   490 | D        | Noticed an orc warrior
   490 | D        | Noticed an orc warrior
   490 | D        | Noticed an orc sorcerer
   499 | D        | Noticed a red devil
   500 | D        | HP: 5/31 [orc wizard/puff of flame (4)]
   501 | D        | Mangled by an ogre
   502 | D        | Reached XP level 5. HP: -6/27 MP: 14/14
   502 | D        | Noticed an orc warrior
   502 | D        | Noticed an orc warrior
   502 | D        | Noticed an orc knight
   502 | D        | Noticed an ogre
   503 | D        | Noticed a stone giant
   503 | D        | Noticed a troll
   503 | D        | Noticed an orc warrior
   503 | D        | Noticed an orc warrior
   503 | D        | Noticed an orc warrior
   503 | D        | Noticed an orc warrior
   505 | D        | Hit by a large rock thrown by a stone giant

Vault maps used:
D:        sprint_v

Skill      XL: |  1  2  3  4  5  6  7 |
---------------+----------------------+-----
Fighting       | 2 3 4 5 6 |  6.1
Dodging        | 4 5 6 8 |  8.7
Stealth        | 5 6 7 9 |  9.9
Unarmed Combat | 3 4 5 6 |  6.3
Spellcasting   | 3 4 5 6 |  6.1
Hexes          | 6 7 9 10 | 10.3
Conjurations   | 1 2 |  2.1

Action                   |  1- 3 |  4- 6 |  7- 9 || total
-------------------------+-------+-------+-------++-------
Melee: Unarmed           |     5 |     1 |     4 ||    10
 Cast: Dazzling Spray    |       |     6 |     4 ||    10
       Ensorcelled Hiber |       |     1 |       ||     1
Evoke: Wand              |     1 |     3 |       ||     4
  Use: Potion            |     1 |     1 |     2 ||     4
       Scroll            |       |       |     1 ||     1
 Stab: Sleeping          |     2 |     1 |     3 ||     6
  Eat: Chunk             |       |     4 |     2 ||     6
Armor: Skin              |       |     1 |       ||     1
Dodge: Dodged            |     2 |    19 |    24 ||    45

Vault maps used:
D:        sprint_v

Table legend:
 A = Turns spent in this place as a percentage of turns spent in the entire game.
 B = Non-inter-level travel turns spent in this place as a percentage of non-inter-level travel turns spent in the entire game.
 C = Inter-level travel turns spent in this place as a percentage of turns spent in this place.
 D = Turns resting spent in this place as a percentage of non-inter-level travel turns spent in this place.
 E = Turns spent auto-exploring this place as a percentage of non-inter-level travel turns spent in this place.
 F = Non-inter-level travel turns spent in this place divided by the number of levels of this place that you've seen.
                   A       B       C       D       E      F
               +-------+-------+-------+-------+-------+----------------------
         Total | 100.0 | 100.0 |   0.0 |   2.9 |   0.0 | 207.0
       Dungeon | 100.0 | 100.0 |   0.0 |   2.9 |   0.0 | 207.0
               +-------+-------+-------+-------+-------+----------------------

Table legend:
 A = Kills in this place as a percentage of kills in entire the game.
 B = Kills by you in this place as a percentage of kills by you in the entire game.
 C = Kills by friends in this place as a percentage of kills by friends in the entire game.
 D = Other kills in this place as a percentage of other kills in the entire game.
 E = Experience gained in this place as a percentage of experience gained in the entire game.
 F = Experience gained in this place divided by the number of levels of this place that you have seen.
                   A       B       C       D       E      F
               +-------+-------+-------+-------+-------+----------------------
         Total | 100.0 | 100.0 |  -nan |  -nan | 100.0 | 829.0
       Dungeon | 100.0 | 100.0 |  -nan |  -nan | 100.0 | 829.0
               +-------+-------+-------+-------+-------+----------------------
